 Dungeon Crawl Stone Soup version 0.16-a0-148-g3b84123 (webtiles) character file.

56 Ololoev the Caller (level 3, -3/28 HPs)
             Began as a Naga Wizard on Aug 15, 2014.
             Slain by a gnoll
             ... wielding a +0 spear
              (9 damage)
             ... on Level 2 of the Dungeon.
             The game lasted 00:06:30 (1497 turns).

Ololoev the Caller (Naga Wizard)                    Turns: 1497, Time: 00:06:31

HP  -3/28        AC  2     Str  9      XL: 3   Next: 97%
MP   1/7         EV  9     Int 18      God:
Gold 58          SH  0     Dex 10      Spells:  2 memorised,  5 levels left

rFire  . . .     SeeInvis +     p - +1 dagger (speed)
rCold  + . .     Clarity  .     a - +0 robe
rNeg   . . .     rCorr    .     (no shield)
rPois  +         rRot     .     b - +0 hat
rElec  .         Spirit   .     (no cloak)
SustAb .         Warding  .     (no gloves)
rMut   .         Stasis   .     (no barding)
Gourm  .                        e - amulet of faith
MR     .....                    (no ring)
                                n - ring of protection from cold

@: very slow, not resistant to hostile enchantments, unstealthy
A: spit poison, see invisible, deformed body, poison resistance, slowness 2, AC
+1
a: Spit Poison


You were on level 2 of the Dungeon.
You were not hungry.

You visited 1 branch of the dungeon, and saw 2 of its levels.

You collected 58 gold pieces.

Inventory:

Hand weapons
 p - a +1 dagger of speed (weapon)
Armour
 a - a +0 robe (worn)
 b - a +0 hat (worn)
Comestibles
 d - a bread ration
 h - a slice of pizza
Scrolls
 f - a scroll of enchant armour {unknown}
 g - 2 scrolls of teleportation {unknown}
 j - a scroll of recharging {unknown}
 k - a scroll of remove curse {unknown}
 l - a scroll of enchant weapon {unknown}
Jewellery
 e - an amulet of faith (around neck)
 n - a ring of protection from cold (left hand)
Potions
 i - 2 potions of curing {unknown}
 m - a potion of agility {unknown}
 o - a potion of confusion {unknown}
Books
 c - a book of Minor Magic

   Spells                             Type                      Level
   *Magic Dart                        Conjuration                  1
   Blink                              Translocation                2
   *Call Imp                          Summoning                    2
   Repel Missiles                     Charms/Air                   2
   Slow                               Hexes                        2
   Conjure Flame                      Conjuration/Fire             3
   Mephitic Cloud                     Conjuration/Poison/Air       3


   Skills:
 - Level 1.5 Dodging
 - Level 3.0 Stealth
 - Level 3.0 Spellcasting
 - Level 2.0 Conjurations
 + Level 3.1 Summonings
   Level 1.0 Translocations


You had 5 spell levels left.
You knew the following spells:

 Your Spells              Type           Power        Failure   Level  Hunger
a - Magic Dart            Conj           ##..         10%         1    None
b - Call Imp              Summ           ##......     10%         2    ##.....


Dungeon Overview and Level Annotations

Branches:
Dungeon (2/15)

Altars:
Trog


Innate Abilities, Weirdness & Mutations

You cannot wear boots.
You can spit poison.
Your serpentine skin is tough (AC +1).
You have supernaturally acute eyesight.
Armour fits poorly on your strangely shaped body.
Your system is resistant to poisons.
You cover ground very slowly.


Message History

Press: ? - help, Shift-Dir - straight line, f/p - gnoll
Aim: a gnoll, wielding a spear (lightly wounded)
The splash of poison hits the gnoll.
The gnoll is poisoned.
The gnoll is severely wounded.
You feel slightly more hungry. The giant cockroach barely misses you.
The gnoll closely misses you. The giant cockroach barely misses you.
The giant cockroach barely misses you.
The gnoll hits you from afar with a spear.
* * * LOW HITPOINT WARNING * * *
Casting: Magic Dart
Confirm with . or Enter, or press ? or * to list all spells.
Okay, then.
You have got your breath back.
You kill the gnoll!
Your Summonings skill increases to level 3!
The giant cockroach bites you.
* * * LOW HITPOINT WARNING * * *
The gnoll hits you from afar with a spear!
You die...

##..(#.#...#
#..........#
#.#####=...#
##.#......(.#
.......)....# .
##.#####.%..# ..
.......gg...# ...
##.#####s...# #.# #.
#@..## #.# #. #....#
#.# ##. #....# #.#
#.. #....# #.#
####.. #.)%.# #.#
#..... #.#'## #.#
#..... ...#..# #.#
#.....
#.###..####'###+###'
... #...##.......##.


You could see a gnoll, a giant cockroach and a goblin.

Vanquished Creatures
  A gnoll (D:2)
  3 giant geckos (D:1)
  2 ball pythons (D:1)
  4 bats
  3 giant cockroaches (D:2)
  6 hobgoblins
  5 jackals (D:1)
  3 kobolds (D:1)
  2 giant newts
  8 goblins
  2 rats (D:1)
39 creatures vanquished.

Notes
Turn   | Place    | Note
--------------------------------------------------------------
     0 | D:1      | Ololoev, the Naga Wizard, began the quest for the Orb.
     0 | D:1      | Reached XP level 1. HP: 15/15 MP: 4/4
   146 | D:1      | Reached XP level 2. HP: 22/22 MP: 3/6
   178 | D:1      | Learned a level 2 spell: Call Imp
   706 | D:1      | Reached XP level 3. HP: 28/28 MP: 7/7
  1468 | D:2      | Found a bloodstained altar of Trog.
  1497 | D:2      | Slain by a gnoll

Action                   || total
-------------------------++-------
Melee: Unarmed           ||     6
       Dagger            ||    51
 Cast: Magic Dart        ||    48
 Abil: Spit Poison       ||    11
 Stab: Sleeping          ||     2
  Eat: Chunk             ||     2
